 Dungeon Crawl Stone Soup version 0.31.0-32-g396128a36d (webtiles) character file.

Game seed: 13727817379134313245

779 gohu the Magician (level 8, -2/51 HPs)
             Began as a Djinni Fire Elementalist on Mar 10, 2024.
             Slain by a black bear (12 damage)
             ... on level 4 of the Dungeon.
             The game lasted 00:07:49 (3715 turns).

gohu the Magician (Djinni Fire Elementalist)        Turns: 3715, Time: 00:07:49

Health: -2/51      AC:  3    Str:  7    XL:     8   Next: 10%
Gold:   139        EV: 12    Int: 19    God:
                   SH:  0    Dex: 14

rFire   + + +        (no weapon)
rCold   . . .        (no shield)
rNeg    . . .        a - +0 robe
rPois   ∞            d - +0 helmet
rElec   .            k - scarf {rC+ rF+}
rCorr   .            (no gloves)
SInv    .            (boots unavailable)
Will    .....        (no amulet)
Stlth   ++           (no ring)
HPRegen 0.28/turn    (no ring)
MPRegen 0.00/turn

%: infuse magic (-3 HP)
@: flying
A: sickness immunity, fire resistance 2, cold vulnerability 1, float, innate
caster, HP casting, extra vitality 1
a: no special abilities


You were on level 4 of the Dungeon.
You visited 1 branch of the dungeon, and saw 4 of its levels.

You collected 139 gold pieces.

Inventory:

Armour
 a - a +0 robe (worn)
 d - a +0 helmet (worn)
 k - a scarf of resistance (worn)
Wands
 q - a wand of flame (16)
Scrolls
 b - a scroll of silence {unknown}
 c - a scroll of fear {unknown}
 f - 2 scrolls of amnesia {unknown}
 g - 3 scrolls of identify {unknown}
 i - 2 scrolls of teleportation {unknown}
 n - a scroll of immolation {unknown}
 o - 2 scrolls of enchant weapon {unknown}
 r - a scroll of fog {unknown}
 s - a scroll of vulnerability {unknown}
 t - a scroll of noise {unknown}
Potions
 e - 2 potions of heal wounds {unknown}
 h - a potion of invisibility {unknown}
 j - a potion of magic {unknown}
 l - a potion of mutation {unknown}
 m - a potion of enlightenment {unknown}
 p - a potion of resistance {unknown}


   Skills:
 + Level 0.9 Fighting
 + Level 2.5 Dodging
 - Level 1.5 Stealth
 * Level 7.1 Spellcasting
 * Level 7.1 Conjurations
 * Level 7.1 Hexes
   Level 0.0 Charms
 * Level 7.1 Summonings
 * Level 7.1 Necromancy
 * Level 7.1 Translocations
   Level 0.0 Transmutations
 * Level 7.1 Fire Magic
 * Level 7.1 Ice Magic
 * Level 7.1 Air Magic
 * Level 7.1 Earth Magic
 * Level 7.1 Alchemy


You knew the following spells:

 Your Spells              Type           Power      Damage    Failure   Level
a - Foxfire               Conj/Fire      100%       2x1d9     1%          1
b - Scorch                Fire           68%        2d7       1%          2
c - Volatile Blastmotes   Fire/Tloc      68%        2d15      1%          3
d - Inner Flame           Hex/Fire       34%        N/A       1%          3
e - Flame Wave            Conj/Fire      34%        2d10      5%          4
f - Sandblast             Erth           68%        2d15      1%          1
g - Blink                 Tloc           68%        N/A       1%          2
h - Frozen Ramparts       Ice            68%        1d11      1%          3
Your spell library was empty.

Dungeon Overview and Level Annotations

Branches:
Dungeon (4/15)
 Temple: D:4-7

Altars:
Ashenzari
Nemelex Xobeh
Uskayaw


Innate Abilities, Weirdness & Mutations

You are immune to sickness and miasma.
You are immune to poison.
Your flesh is very heat resistant. (rF++)
You are vulnerable to cold. (rC-)
You float through the air rather than walking.
You learn spells naturally, not from books.
Your magical power is your life essence.
You have superior vitality. (+4 MHP)


Message History

Confirm with . or Enter, or press ? or * to list all spells.
You conjure some foxfire!
Your foxfire dissipates!
Your foxfire dissipates!
There is a stone staircase leading up here.
You now have 139 gold pieces (gained 11).
Things that are here:
a +0 robe; a +0 dagger You reach down and open the door.
A black bear comes into view.
Found a scroll labelled TUT LIL FYLEO.
Casting: Foxfire (safe; 1% risk of failure)
Confirm with . or Enter, or press ? or * to list all spells.
Flames lash the black bear.
The black bear is lightly wounded.
The black bear's fire resistance burns away.
A ball python comes into view.
The black bear bites you. The black bear closely misses you.
The black bear claws you.
The black bear bites you but does no damage.
The black bear claws you.
The black bear claws you but does no damage.
Casting: Scorch (safe; 1% risk of failure)
Confirm with . or Enter, or press ? or * to list all spells.
Flames lash the black bear.
The black bear is burned terribly!
The black bear is severely wounded.
The ball python hisses angrily.
The black bear goes berserk!
The black bear bites you. The black bear claws you. x2
Casting: Scorch (safe; 1% risk of failure)
Confirm with . or Enter, or press ? or * to list all spells.
Flames lash the ball python.
You kill the ball python!
The black bear bites you!
* * * LOW HITPOINT WARNING * * *
The black bear completely misses you. The black bear barely misses you. x2
The black bear misses you. The black bear claws you.
* * * LOW HITPOINT WARNING * * *
The black bear bites you!
You die...

#.....#.[....#
###.###.#....####
#...#..##......##
##......#.......##
.##.....>....#....#
.#..........###...#
...........## ##..##
............# #....##
.........#.## ##@#..##
........#### #h##[.#
.......## ..?##.#
........#### .####..#
.........#.##.##.#..##
............#.#....##
.........#.## ##.###
............###..#
.<.......##..#..##


You could see a black bear (berserk, combustible).

Vanquished Creatures
  Grinder (D:3)
  2 scorpions (D:4)
  A howler monkey (D:4)
  A hound (D:4)
  An orc priest (D:3)
  2 bombardier beetles
  Terence (D:3)
  Ijyb (D:3)
  Natasha (twice) (D:3)
  An orc wizard (D:4)
  9 adders
  A dart slug (D:1)
  A ribbon worm (D:3)
  8 orcs
  7 bats
  10 endoplasms
  5 giant cockroaches
  5 goblins
  14 hobgoblins
  5 jackals
  8 ball pythons
  2 frilled lizards (D:3)
  5 kobolds
  4 rats
97 creatures vanquished.

Vanquished Creatures (others)
  298 foxfires
298 creatures vanquished.

Grand Total: 395 creatures vanquished

Notes
Turn   | Place    | Note
-------+----------+-------------------------------------------
     0 | D:1      | gohu the Djinni Fire Elementalist began the quest for the
                  | Orb.
     0 | D:1      | gohu set off with the following spells memorised: Foxfire,
                  | Scorch, Volatile Blastmotes, Inner Flame, Flame Wave.
     0 | D:1      | Reached XP level 1. HP: 15/15 MP: 0/0
    47 | D:1      | Reached XP level 2. HP: 6/21 MP: 0/0
   270 | D:1      | Reached XP level 3. HP: 18/25 MP: 0/0
   270 | D:1      | Learned a level 1 spell: Sandblast
   867 | D:2      | Reached XP level 4. HP: 29/31 MP: 0/0
  1357 | D:2      | Reached XP level 5. HP: 34/35 MP: 0/0
  1357 | D:2      | Learned a level 2 spell: Blink
  1644 | D:3      | Noticed Terence
  1656 | D:3      | Killed Terence
  1657 | D:3      | Reached skill level 5 in Spellcasting
  1657 | D:3      | Reached skill level 5 in Conjurations
  1657 | D:3      | Reached skill level 5 in Hexes
  1657 | D:3      | Reached skill level 5 in Summonings
  1657 | D:3      | Reached skill level 5 in Necromancy
  1657 | D:3      | Reached skill level 5 in Translocations
  1657 | D:3      | Reached skill level 5 in Fire Magic
  1657 | D:3      | Reached skill level 5 in Ice Magic
  1657 | D:3      | Reached skill level 5 in Air Magic
  1657 | D:3      | Reached skill level 5 in Earth Magic
  1657 | D:3      | Reached skill level 5 in Alchemy
  1742 | D:3      | Found a broken altar of Ashenzari.
  1742 | D:3      | Noticed Natasha
  1928 | D:3      | Reached XP level 6. HP: 31/40 MP: 0/0
  1997 | D:3      | Found a hide-covered altar of Uskayaw.
  1997 | D:3      | Noticed a +0 falchion
  1997 | D:3      | Noticed a +0 falchion
  1997 | D:3      | Noticed a +0 spear
  1998 | D:3      | Noticed a +0 spear
  1998 | D:3      | Noticed a +0 short sword
  1999 | D:3      | Noticed a +0 dagger
  2000 | D:3      | Noticed a +0 short sword
  2001 | D:3      | Noticed a +0 dagger
  2080 | D:3      | Noticed Grinder
  2113 | D:3      | Paralysed by Grinder for 3 turns
  2136 | D:3      | Noticed Ijyb
  2137 | D:3      | Killed Grinder
  2138 | D:3      | Reached XP level 7. HP: 7/45 MP: 0/0
  2138 | D:3      | Learned a level 3 spell: Frozen Ramparts
  2358 | D:3      | Killed Ijyb
  2533 | D:3      | Killed Natasha
  2762 | D:3      | Noticed Natasha
  2767 | D:3      | Killed Natasha
  3448 | D:4      | Reached XP level 8. HP: 47/51 MP: 0/0
  3543 | D:4      | Found a sparkling altar of Nemelex Xobeh.
  3715 | D:4      | Slain by a black bear

Illustrated notes

Levels and vault maps discovered:
D:1:      lightli_arrival_windingriver, layout_rooms,
          hangedman_decor_clover_reticule
D:2:      layout_loops_ring, minmay_shallow_snake_nest
D:3:      layout_loops_ring, nicolae_uskayaw_en_pointe, ashenzari_altar_1,
          kennysheep_generic_room_16, uniq_grinder, uniq_natasha, uniq_terence,
          uniq_ijyb
D:4:      layout_cave_pools, marbit_many_paths, minmay_fractal_squares_gapless_5

Skill      XL: |  1  2  3  4  5  6  7 |
---------------+----------------------+-----
Spellcasting   | 4 5 6 7 |  7.1
Conjurations   | 4 5 6 7 |  7.1
Hexes          | 4 5 6 7 |  7.1
Summonings     | 4 5 6 7 |  7.1
Necromancy     | 4 5 6 7 |  7.1
Translocations | 4 5 6 7 |  7.1
Fire Magic     | 4 5 6 7 |  7.1
Ice Magic      | 4 5 6 7 |  7.1
Air Magic      | 4 5 6 7 |  7.1
Earth Magic    | 4 5 6 7 |  7.1
Alchemy        | 4 5 6 7 |  7.1
Fighting       | |  0.9
Dodging        | |  2.5
Stealth        | |  1.5

Action                     |  1- 3 |  4- 6 |  7- 9 || total
---------------------------+-------+-------+-------++-------
   Cast: Foxfire           |    65 |    25 |    88 ||   178
         Scorch            |     6 |    19 |    13 ||    38
         Volatile Blastmot |       |    13 |     3 ||    16
 Armour: Robe              |    18 |    24 |    30 ||    72
  Dodge: Dodged            |    18 |    19 |    20 ||    57
